TOP OF THE 1ST |
Vista Panthers batting - Pitching for Kansas City Kings : RHP Marty Bradford
|
Pitching: RHP Marty Bradford
|
|
Batting: RHB Justin Burgess
|
0-0: Called Strike 0-1: Ball 1-1: Ball 2-1: SINGLE (Groundball, 6MD)
|
Batting: LHB Dante Owens
|
0-0: Called Strike 0-1: Fly out, F8 (Flyball, 8LD) Runner from 1st tags up, SAFE at 2nd
|
Batting: RHB Stephen Wilson
|
0-0: Foul Ball, location: 2F 0-1: Ball 1-1: Swinging Strike 1-2: Ball 2-2: Ball 3-2: SINGLE (Line Drive, 7LM) Justin Burgess to third
|
Batting: LHB Juan Cortés
|
0-0: Ball 1-0: DOUBLE (Line Drive, 9LS) Justin Burgess scores Stephen Wilson to third Runner from 3rd tries for Home, throw and OUT! Juan Cortés to third
|
Batting: SHB Mark Wells
|
0-0: Ball 1-0: Foul Ball, location: 2F 1-1: Foul Ball, location: 2F 1-2: Ball 2-2: Strikes out swinging
|
Top of the 1st over - 1 run(s), 3 hit(s), 0 error(s), 1 left on base; Vista 1 - Kansas City 0 |
BOTTOM OF THE 1ST |
Kansas City Kings batting - Pitching for Vista Panthers : RHP Dale Reese
|
Pitching: RHP Dale Reese
|
|
Batting: RHB Chris Chandler
|
0-0: Ball 1-0: Ball 2-0: Ball 3-0: Base on Balls
|
Batting: SHB Douglas Taylor
|
0-0: Called Strike 0-1: Ball 1-1: Called Strike 1-2: Ball 2-2: Foul Ball, location: 2F 2-2: Strikes out swinging
|
Batting: LHB Stan Hickman
|
0-0: Ball 1-0: Swinging Strike 1-1: Ball 2-1: Foul Ball, location: 2F 2-2: Ball 3-2: Base on Balls Chris Chandler to second
|
Batting: RHB Toshimichi Kono
|
0-0: Called Strike 0-1: Called Strike 0-2: Strikes out swinging
|
Batting: LHB Ron Crawford
|
0-0: SINGLE (Line Drive, 6MD) Chris Chandler to third Stan Hickman to second Runner from 3rd tries for Home, SAFE, no throw
|
Batting: RHB Dave Parker
|
0-0: Called Strike 0-1: Foul Ball, location: 2F 0-2: Strikes out looking
|
Bottom of the 1st over - 1 run(s), 1 hit(s), 0 error(s), 2 left on base; Vista 1 - Kansas City 1 |
TOP OF THE 2ND |
Vista Panthers batting - Pitching for Kansas City Kings : RHP Marty Bradford
|
Batting: RHB Alfredo Rivera
|
0-0: Swinging Strike 0-1: Ball 1-1: Foul Ball, location: 2F 1-2: Ball 2-2: Foul Ball, location: 2F 2-2: Foul Ball, location: 2F 2-2: SOLO HOME RUN (Flyball, 8LXD), Distance : 389 ft
|
Batting: LHB Bob Cunningham
|
0-0: Called Strike 0-1: Ball 1-1: Ball 2-1: Ball 3-1: Foul Ball, location: 2F 3-2: Foul Ball, location: 2F 3-2: Base on Balls
|
Batting: RHB Cisco Gatán
|
0-0: Ball 1-0: Ball 2-0: Foul Ball, location: 2F 2-1: Foul Ball, location: 2F 2-2: DOUBLE (Groundball, 5L) Bob Cunningham to third
|
Batting: RHB Johnny Williams
|
0-0: Ball 1-0: Foul Ball, location: 2F 1-1: Ground out 4-3 (Groundball, 4) Bob Cunningham scores Cisco Gatán to third
|
Batting: RHB Justin Burgess
|
0-0: Called Strike 0-1: Ground out 1-3 (Groundball, P)
|
Batting: LHB Dante Owens
|
0-0: Ball 1-0: Ground out U3 (Groundball, 3)
|
Top of the 2nd over - 2 run(s), 2 hit(s), 0 error(s), 1 left on base; Vista 3 - Kansas City 1 |
BOTTOM OF THE 2ND |
Kansas City Kings batting - Pitching for Vista Panthers : RHP Dale Reese
|
Batting: SHB António De La Cruz
|
0-0: Ball 1-0: Called Strike 1-1: Called Strike 1-2: Ball 2-2: Ground out 3-1 (Groundball, 34)
|
Batting: LHB Luis González
|
0-0: SINGLE (Line Drive, 89M)
|
Batting: RHB Oliver Lugo
|
0-0: Called Strike 0-1: Ball 1-1: Foul Ball, location: 2F 1-2: Foul Ball, location: 2F 1-2: Foul Ball, location: 2F 1-2: Foul Ball, location: 2F 1-2: Fly out, F3 (Popup, 34S)
|
Batting: RHB Chris Chandler
|
0-0: Foul Ball, location: 2F 0-1: Ball 1-1: Ball 2-1: Swinging Strike 2-2: Ball 3-2: Base on Balls Luis González to second
|
Batting: SHB Douglas Taylor
|
0-0: Ball 1-0: Called Strike 1-1: Ball 2-1: Ball 3-1: Foul Ball, location: 2F 3-2: Foul Ball, location: 2F 3-2: Foul Ball, location: 2F 3-2: Fly out, F8 (Flyball, 8LM)
|
Bottom of the 2nd over - 0 run(s), 1 hit(s), 0 error(s), 2 left on base; Vista 3 - Kansas City 1 |
TOP OF THE 3RD |
Vista Panthers batting - Pitching for Kansas City Kings : RHP Marty Bradford
|
Batting: RHB Stephen Wilson
|
0-0: Ball 1-0: Ball 2-0: DOUBLE (Line Drive, 89D)
|
Batting: LHB Juan Cortés
|
0-0: Ball 1-0: Foul Ball, location: 2F 1-1: Ball 2-1: Foul Ball, location: 2F 2-2: Foul Ball, location: 2F 2-2: SINGLE (Groundball, 4D) Stephen Wilson to third Runner from 3rd tries for Home, SAFE, throw made home Juan Cortés to second
|
Batting: SHB Mark Wells
|
0-0: Swinging Strike 0-1: Ball 1-1: Foul Ball, location: 2F 1-2: Fly out, F8 (Flyball, 78D)
|
Batting: RHB Alfredo Rivera
|
0-0: Ball 1-0: Foul Ball, location: 2F 1-1: Ball 2-1: Ball 3-1: Foul Ball, location: 2F 3-2: Base on Balls
|
Batting: LHB Bob Cunningham
|
0-0: Ball 1-0: Called Strike 1-1: 3-RUN HOME RUN (Flyball, 89XD), Distance : 368 ft
|
Pitching: RHP Nariaki Tanaka
|
|
Batting: RHB Cisco Gatán
|
0-0: Foul Ball, location: 2F 0-1: DOUBLE (Line Drive, 7LM)
|
Batting: RHB Johnny Williams
|
0-0: Called Strike 0-1: Ground out 5-3 (Groundball, 56)
|
Batting: RHB Justin Burgess
|
0-0: Foul Ball, location: 2F 0-1: Fly out, F8 (Line Drive, 8LM)
|
Top of the 3rd over - 4 run(s), 4 hit(s), 0 error(s), 1 left on base; Vista 7 - Kansas City 1 |
BOTTOM OF THE 3RD |
Kansas City Kings batting - Pitching for Vista Panthers : RHP Dale Reese
|
Batting: LHB Stan Hickman
|
0-0: Called Strike 0-1: Foul Ball, location: 2F 0-2: Ball 1-2: Foul Ball, location: 2F 1-2: Ball 2-2: Ball 3-2: Foul Ball, location: 2F 3-2: DOUBLE (Line Drive, 9LD)
|
Batting: RHB Toshimichi Kono
|
0-0: Ground out 4-3 (Groundball, 34D) Stan Hickman to third
|
Batting: LHB Ron Crawford
|
0-0: Ball 1-0: Foul Ball, location: 2F 1-1: Ground out 4-3 (Groundball, 4) Stan Hickman scores
|
Batting: RHB Dave Parker
|
0-0: Called Strike 0-1: Swinging Strike 0-2: Foul Ball, location: 2F 0-2: Ball 1-2: Strikes out looking
|
Bottom of the 3rd over - 1 run(s), 1 hit(s), 0 error(s), 0 left on base; Vista 7 - Kansas City 2 |
TOP OF THE 4TH |
Vista Panthers batting - Pitching for Kansas City Kings : RHP Nariaki Tanaka
|
Batting: LHB Dante Owens
|
0-0: Ball 1-0: Ball 2-0: Ball 3-0: Base on Balls
|
Batting: RHB Stephen Wilson
|
0-0: Ball 1-0: Called Strike 1-1: Swinging Strike 1-2: Foul Ball, location: 2F 1-2: Ball Wild Pitch! Dante Owens to second 2-2: Strikes out looking
|
Batting: LHB Juan Cortés
|
0-0: Ball 1-0: Called Strike 1-1: Ball 2-1: SINGLE (Line Drive, 6MD) Dante Owens to third
|
Batting: SHB Mark Wells
|
0-0: Called Strike 0-1: Ball 1-1: Ball 2-1: Ball 3-1: Base on Balls Juan Cortés to second
|
Batting: RHB Alfredo Rivera
|
0-0: Ball 1-0: Ball 2-0: Swinging Strike 2-1: Foul Ball, location: 2F 2-2: Grounds into fielders choice 2-2 (Groundball, 2R) Juan Cortés to third Mark Wells to second
|
Batting: LHB Bob Cunningham
|
0-0: Ball 1-0: Fly out, F7 (Flyball, 7D)
|
Top of the 4th over - 0 run(s), 1 hit(s), 0 error(s), 3 left on base; Vista 7 - Kansas City 2 |
BOTTOM OF THE 4TH |
Kansas City Kings batting - Pitching for Vista Panthers : RHP Dale Reese
|
Batting: SHB António De La Cruz
|
0-0: Reached on error, E5 (Groundball, 5S)
|
Batting: LHB Luis González
|
0-0: Swinging Strike 0-1: Ball 1-1: Ball 2-1: Ball Wild Pitch! António De La Cruz to third 3-1: Foul Ball, location: 2F 3-2: Strikes out swinging
|
Batting: RHB Oliver Lugo
|
0-0: Swinging Strike 0-1: SINGLE (Groundball, 4D) António De La Cruz scores
|
Batting: RHB Chris Chandler
|
0-0: Foul Ball, location: 2F 0-1: Foul Ball, location: 2F 0-2: Foul Ball, location: 2F 0-2: Ball 1-2: Fly out, F6 (Popup, 6MD)
|
Batting: SHB Douglas Taylor
|
0-0: Foul Ball, location: 2F 0-1: Ball 1-1: Called Strike 1-2: SINGLE (Flyball, 7S) Oliver Lugo to second
|
Batting: LHB Stan Hickman
|
0-0: DOUBLE (Line Drive, 9LS) Oliver Lugo scores Douglas Taylor to third Runner from 3rd tries for Home, SAFE, no throw
|
Pitching: RHP Yajirobei Endo
|
|
Batting: RHB Toshimichi Kono
|
0-0: Ball 1-0: Foul Ball, location: 2F 1-1: Ball 2-1: Foul Ball, location: 2F 2-2: Foul Ball, location: 2F 2-2: SINGLE (Groundball, 3D) Stan Hickman to third Runner from 3rd tries for Home, SAFE, no throw
|
Batting: LHB Ron Crawford
|
0-0: Swinging Strike 0-1: Swinging Strike 0-2: SINGLE (Line Drive, 89M) Toshimichi Kono to second Runner from 2nd tries for 3rd, SAFE, throw made to third Ron Crawford to second
|
Batting: RHB Dave Parker
|
0-0: Ball 1-0: Foul Ball, location: 2F 1-1: Foul Ball, location: 2F 1-2: Fly out, F3 (Flyball, 3D)
|
Bottom of the 4th over - 4 run(s), 5 hit(s), 1 error(s), 2 left on base; Vista 7 - Kansas City 6 |
TOP OF THE 5TH |
Vista Panthers batting - Pitching for Kansas City Kings : RHP Nariaki Tanaka
|
Batting: RHB Cisco Gatán
|
0-0: Ball 1-0: Foul Ball, location: 2F 1-1: Foul Ball, location: 2F 1-2: Fly out, F8 (Flyball, 8RM)
|
Batting: RHB Johnny Williams
|
0-0: Swinging Strike 0-1: Fly out, F7 (Flyball, 7)
|
Batting: RHB Justin Burgess
|
0-0: Ball 1-0: Called Strike 1-1: Ground out 1-3 (Groundball, 13S)
|
Top of the 5th over - 0 run(s), 0 hit(s), 0 error(s), 0 left on base; Vista 7 - Kansas City 6 |
BOTTOM OF THE 5TH |
Kansas City Kings batting - Pitching for Vista Panthers : RHP Yajirobei Endo
|
Batting: SHB António De La Cruz
|
0-0: Ball 1-0: Fly out, F6 (Popup, 56D)
|
Batting: LHB Luis González
|
0-0: Called Strike 0-1: Ball 1-1: Swinging Strike 1-2: SINGLE (Groundball, 56D)
|
Batting: RHB Oliver Lugo
|
0-0: Ball 1-0: Called Strike 1-1: Swinging Strike 1-2: Ball 2-2: Foul Ball, location: 2F 2-2: Ball 3-2: Foul Ball, location: 2F 3-2: Strikes out swinging
|
Batting: RHB Chris Chandler
|
0-0: Called Strike 0-1: Ball 1-1: Ball 2-1: Fly out, F8 (Flyball, 78D)
|
Bottom of the 5th over - 0 run(s), 1 hit(s), 0 error(s), 1 left on base; Vista 7 - Kansas City 6 |
TOP OF THE 6TH |
Vista Panthers batting - Pitching for Kansas City Kings : RHP Nariaki Tanaka
|
Batting: LHB Dante Owens
|
0-0: Ball 1-0: Called Strike 1-1: Foul Ball, location: 2F 1-2: Ball 2-2: Ball 3-2: Ground out 4-3 (Groundball, 4MS)
|
Batting: RHB Stephen Wilson
|
0-0: Ground out 5-3 (Groundball, 56)
|
Batting: LHB Juan Cortés
|
0-0: Ball 1-0: Ball 2-0: Called Strike 2-1: Ball 3-1: Base on Balls
|
Batting: SHB Mark Wells
|
0-0: Ball 1-0: Called Strike 1-1: Ball 2-1: Fly out, F6 (Popup, 4M)
|
Top of the 6th over - 0 run(s), 0 hit(s), 0 error(s), 1 left on base; Vista 7 - Kansas City 6 |
BOTTOM OF THE 6TH |
Kansas City Kings batting - Pitching for Vista Panthers : RHP Yajirobei Endo
|
Batting: SHB Douglas Taylor
|
0-0: Called Strike 0-1: Ball 1-1: Ball 2-1: Foul Ball, location: 2F 2-2: Ball 3-2: Base on Balls
|
Batting: LHB Stan Hickman
|
0-0: Called Strike 0-1: Called Strike 0-2: Ball 1-2: Strikes out swinging
|
Pitching: RHP Alonso Gallardo
|
|
Batting: RHB Toshimichi Kono
|
0-0: Called Strike 0-1: Called Strike Douglas Taylor steals 2nd base 0-2: 2-RUN HOME RUN (Flyball, 8LXD), Distance : 411 ft
|
Batting: LHB Ron Crawford
|
0-0: Fly out, F7 (Flyball, 78D)
|
Now in LF: Phil Matthews
|
|
Batting: RHB Dave Parker
|
0-0: Fly out, F9 (Flyball, 9S)
|
Bottom of the 6th over - 2 run(s), 1 hit(s), 0 error(s), 0 left on base; Vista 7 - Kansas City 8 |
TOP OF THE 7TH |
Vista Panthers batting - Pitching for Kansas City Kings : RHP Nariaki Tanaka
|
Pitching: LHP Manuel Parra
|
|
Batting: RHB Alfredo Rivera
|
0-0: Ball 1-0: Foul Ball, location: 2F 1-1: Ball 2-1: Called Strike 2-2: Strikes out swinging
|
Batting: LHB Bob Cunningham
|
0-0: Ball 1-0: Ball 2-0: Ball 3-0: Called Strike 3-1: Swinging Strike 3-2: Foul Ball, location: 2F 3-2: Foul Ball, location: 2F 3-2: SINGLE (Line Drive, 9S)
|
Batting: RHB Cisco Gatán
|
0-0: Called Strike 0-1: Ball 1-1: DOUBLE (Groundball, 5L) Bob Cunningham to third
|
Batting: RHB Johnny Williams
|
0-0: Called Strike 0-1: Called Strike 0-2: Ball 1-2: Ball 2-2: Fly out, F9 (Line Drive, 9LM) Runner from 3rd tags up, SCORES, no throw
|
Batting: RHB Justin Burgess
|
0-0: Called Strike 0-1: Ball 1-1: Foul Ball, location: 2F 1-2: Strikes out swinging
|
Top of the 7th over - 1 run(s), 2 hit(s), 0 error(s), 1 left on base; Vista 8 - Kansas City 8 |
BOTTOM OF THE 7TH |
Kansas City Kings batting - Pitching for Vista Panthers : RHP Alonso Gallardo
|
Batting: SHB António De La Cruz
|
0-0: Called Strike 0-1: Foul Ball, location: 2F 0-2: Ball 1-2: Ball 2-2: Fly out, F9 (Flyball, 9S)
|
Pitching: LHP Enrique Muńóz
|
|
Batting: LHB Luis González
|
0-0: Ball 1-0: Swinging Strike 1-1: Ball 2-1: SINGLE (Groundball, 56D)
|
Pitching: RHP José Betancourt
|
|
Batting: RHB Oliver Lugo
|
0-0: Called Strike Luis González steals 2nd base 0-1: Ball 1-1: Ball 2-1: Ball 3-1: Base on Balls
|
Batting: RHB Chris Chandler
|
0-0: Fly out, F7 (Line Drive, 7D) Runner from 2nd tags up, SAFE at 3rd, no throw
|
Batting: SHB Douglas Taylor
|
0-0: Ball 1-0: Ball 2-0: Ball 3-0: Called Strike 3-1: SINGLE (Groundball, 34S) (infield hit) Luis González scores Oliver Lugo to second
|
Batting: LHB Stan Hickman
|
0-0: Foul Ball, location: 2F 0-1: Ball 1-1: Called Strike 1-2: Ball 2-2: Strikes out looking
|
Bottom of the 7th over - 1 run(s), 2 hit(s), 0 error(s), 2 left on base; Vista 8 - Kansas City 9 |
TOP OF THE 8TH |
Vista Panthers batting - Pitching for Kansas City Kings : LHP Manuel Parra
|
Pitching: RHP Nick Parks
|
|
Batting: RHB Phil Matthews
|
0-0: Ball 1-0: Ball 2-0: Called Strike 2-1: Called Strike 2-2: Strikes out swinging
|
Batting: RHB Stephen Wilson
|
0-0: Ball 1-0: Ground out 6-3 (Groundball, 56)
|
Pitching: LHP Ignacio Colón
|
|
Batting: LHB Juan Cortés
|
0-0: Ball 1-0: Called Strike 1-1: Ball 2-1: Called Strike 2-2: Strikes out swinging
|
Top of the 8th over - 0 run(s), 0 hit(s), 0 error(s), 0 left on base; Vista 8 - Kansas City 9 |
BOTTOM OF THE 8TH |
Kansas City Kings batting - Pitching for Vista Panthers : RHP José Betancourt
|
Batting: RHB Toshimichi Kono
|
0-0: Foul Ball, location: 2F 0-1: SINGLE (Groundball, 4MD)
|
Batting: LHB Ron Crawford
|
0-0: Swinging Strike 0-1: Foul Ball, location: 2F 0-2: Ball 1-2: Strikes out looking
|
Batting: RHB Dave Parker
|
0-0: Ball 1-0: Ground out 6-3 (Groundball, 6S) Toshimichi Kono to second
|
Pitching: LHP António Martínez
|
|
Batting: SHB António De La Cruz
|
0-0: Ball 1-0: Ball 2-0: SINGLE (Groundball, 34D) Toshimichi Kono to third Runner from 3rd tries for Home, SAFE, no throw
|
Batting: LHB Luis González
|
0-0: Foul Ball, location: 2F 0-1: Ball 1-1: Ball 2-1: Fly out, F8 (Flyball, 8RD)
|
Bottom of the 8th over - 1 run(s), 2 hit(s), 0 error(s), 1 left on base; Vista 8 - Kansas City 10 |
TOP OF THE 9TH |
Vista Panthers batting - Pitching for Kansas City Kings : LHP Ignacio Colón
|
Pitching: RHP Alberto Bonilla
|
|
Batting: SHB Mark Wells
|
0-0: Ball 1-0: Called Strike 1-1: Ball 2-1: Called Strike 2-2: Ball 3-2: Strikes out swinging
|
Batting: RHB Alfredo Rivera
|
0-0: Ball 1-0: Called Strike 1-1: Ball 2-1: Foul Ball, location: 2F 2-2: Foul Ball, location: 2F 2-2: Strikes out looking
|
Batting: LHB Bob Cunningham
|
0-0: Called Strike 0-1: Ball 1-1: Ball 2-1: Called Strike 2-2: Ball 3-2: Foul Ball, location: 2F 3-2: Strikes out looking
|
Top of the 9th over - 0 run(s), 0 hit(s), 0 error(s), 0 left on base; Vista 8 - Kansas City 10 |
|